 Dungeon Crawl Stone Soup version 0.28-a0-1524-ge72afd5fc6 (webtiles) character file.

Game seed: 7933464164278397747

2 psuckher the Sneak (level 1, 0/19 HPs)
             Began as a Barachi Delver on Jan 17, 2022.
             Succumbed to an adder's poison
             ... on level 5 of the Dungeon.
             The game lasted 00:00:17 (8 turns).

psuckher the Sneak (Barachi Delver)                    Turns: 8, Time: 00:00:18

Health: 0/19       AC:  3    Str: 13    XL:     1   Next: 40%
Magic:  1/1        EV: 12    Int: 10    God:
Gold:   0          SH:  0    Dex: 13    Spells: 0/0 levels left

rFire   . . .      SeeInvis .   a - +0 falchion
rCold   . . .      Faith    .   (no shield)
rNeg    . . .      Spirit   .   b - +0 leather armour
rPois   .          Reflect  .   (no helmet)
rElec   .          Harm     .   (no cloak)
rCorr   .          Rampage  .   (no gloves)
Will    .....                   (no boots)
Stlth   ++........              (no amulet)
HPRegen 0.06/turn               (no ring)
MPRegen 0.07/turn               (no ring)

@: lethally poisoned (0 -> -9), slow
A: amphibious, slowness 1, strong legs 1, +LOS
a: Hop


You were on level 5 of the Dungeon.
You visited 1 branch of the dungeon, and saw 1 of its levels.

Inventory:

Hand Weapons
 a - a +0 falchion (weapon)
Armour
 b - a +0 leather armour (worn)
Wands
 g - a wand of digging (3)
Scrolls
 c - a scroll of fog
 d - a scroll of magic mapping
Potions
 f - a potion of haste


   Skills:
 + Level 3.6 Fighting
 + Level 2.4 Long Blades
 + Level 2.2 Dodging
 + Level 4.6 Stealth


You couldn't memorise any spells.
You didn't know any spells.
Your spell library was empty.

Dungeon Overview and Level Annotations

Branches:
Dungeon (5/15)
 Temple: D:4-7

Altars:

Portals:
Sewer: D:5


Innate Abilities, Weirdness & Mutations

You are amphibious.
You cover ground slowly.
You can hop short distances.
You have an extended range of vision and can be seen from far away.


Message History

Found a glowing drain.
The giant cockroach bites you but does no damage.
There is an open door here.
You closely miss the giant cockroach. The adder closely misses you.
The giant cockroach misses you. The adder bites you.
You are poisoned.
The adder poisons you!
You barely miss the giant cockroach.
You feel sick. The giant cockroach barely misses you.
The adder closely misses you.
The giant cockroach splashes around in the water.
You hit the giant cockroach.
The giant cockroach is heavily wounded.
You feel sick. The adder closely misses you.
The giant cockroach closely misses you.
The giant cockroach splashes around in the water.
The adder bites you.
You are more poisoned.
The adder poisons you!
The giant cockroach splashes around in the water.
You hear the sound of rushing water.
There is an entrance to a sewer on this level.
Hurry and find it before the portal rusts away!
Welcome back, psuckher the Barachi Delver.
Press ? for a list of commands and other information.
You hit the giant cockroach.
You kill the giant cockroach!
You feel very sick. The giant cockroach bites you. The adder misses you.
You hit the giant cockroach.
You kill the giant cockroach!
* * * LOW HITPOINT WARNING * * *
You feel sick. The adder misses you. The giant cockroach barely misses you.
The adder bites you.
* * * LOW HITPOINT WARNING * * *
You are more poisoned.
The adder poisons you!
The giant cockroach bites you but does no damage.
As you read the scroll of fear, it crumbles to dust.
You assume a fearsome visage.
The giant cockroach looks frightened!
The adder looks frightened!
You die...

##....#
.....# #.#..#
....# ###...
#....########
#.#.>........
#........####
#.##@##..#
#.#B≈S#..#
#.#≈≈≈#.##
#.#≈∩≈#.#
#.#≈≈≈#.#
..#≈≈≈#..
#..#####.##
##.......#
#####.#.#


You could see an adder (fleeing) and a giant cockroach (fleeing).

Vanquished Creatures
  2 giant cockroaches (D:5)
2 creatures vanquished.

Notes
Turn   | Place    | Note
-------+----------+-------------------------------------------
     0 | D:5      | psuckher the Barachi Delver began the quest for the Orb.
     0 | D:5      | Reached XP level 1. HP: 18/18 MP: 1/1
     1 | D:5      | Found a glowing drain.
     8 | D:5      | Succumbed to an adder's poison

Illustrated notes

Levels and vault maps discovered:
D:5:      layout_basic, gup_sewer_entry_glass, serial_shops, shop_fountains

Action                   || total
-------------------------++-------
Melee: Falchion          ||     5
  Use: Scroll            ||     1
Armor: Leather armour    ||     2
Dodge: Dodged            ||     9

Table legend: (Time is in decaauts)
 A = Elapsed time spent in this place.
 B = Non-inter-level travel time spent in this place.
 C = Inter-level travel time spent in this place.
 D = Time resting spent in this place.
 E = Time spent auto-exploring this place.
 F = Levels seen in this place.
 G = Mean time per level.
                   A        B        C        D        E       F      G
               +--------+--------+--------+--------+--------+-----+--------+
         Total |      9 |      9 |      0 |      0 |      0 |   1 |    9.0 |
       Dungeon |      9 |      9 |      0 |      0 |      0 |   1 |    9.0 |
               +--------+--------+--------+--------+--------+-----+--------+

Top non-repeatable levels by time:
     D:5: 9 daAuts
